[Event "Titled Tuesday Blitz May 23 Late 2023"]
[White "Shapiro, Daniel"]
[Black "Camilla_Lee"]
[WhiteFideId "2001780"]
[WhiteElo "2333"]
[BlackElo "2627"]
[Result "0-1"]
[Round "09"]
[TimeControl "180+2"]
[Date "2023.05.23"]
[WhiteClock "0:00:06"]
[BlackClock "0:00:35"]

1. d4 Nf6 2. c4 g6 3. Nc3 d5 4. Qb3 c6 5. Bg5 dxc4 6. Qxc4 b5 7. Qd3 Bg7 8. Nf3 O-O 9. g3 b4 10. Na4 Bf5 11. Qd1 Ne4 12. Be3 Qa5 13. b3 Nc3 14. Nxc3 bxc3 15. Bg2 Na6 16. O-O Nb4 17. a3 Nc2 18. Ra2 Nxe3 19. fxe3 Be4 20. b4 Qd5 21. Qa1 Bh6 22. Kf2 f5 23. Rc1 c2 24. Ne1 f4 25. gxf4 Bxf4 26. exf4 Rxf4+ 27. Ke3 Raf8 28. Bf3 Qg5 29. Bxe4 Rf3# 0-1


[Site "https://www.chess.com"]

[Event "Titled Tuesday Blitz May 23 Late 2023"]
[White "Einarsson, Halldor Gretar"]
[Black "Liu, Casper"]
[WhiteFideId "2300150"]
[BlackFideId "1454153"]
[WhiteElo "2110"]
[BlackElo "2221"]
[Result "0-1"]
[Round "09"]
[TimeControl "180+2"]
[Date "2023.05.23"]
[WhiteClock "0:00:00"]
[BlackClock "0:01:13"]

1. d4 Nf6 2. c4 e5 3. dxe5 Ng4 4. Nf3 Nc6 5. Bf4 Bb4+ 6. Nbd2 Qe7 7. a3 Ngxe5 8. Nxe5 Nxe5 9. Bxe5 Bxd2+ 10. Qxd2 Qxe5 11. g3 O-O 12. Bg2 Re8 13. O-O d6 14. Rac1 Bd7 15. e4 Bc6 16. Rfe1 Re7 17. Rc3 f5 18. Rce3 f4 19. Rf3 fxg3 20. hxg3 Rae8 21. Rf4 g5 22. Rg4 h6 23. f4 Qc5+ 24. Qf2 Qxf2+ 25. Kxf2 Bd7 26. Bf3 Bxg4 27. Bxg4 Rxe4 28. Rh1 gxf4 29. Bf3 fxg3+ 30. Kxg3 Re3 31. Kf2 Rb3 0-1


[Site "https://www.chess.com"]

[Event "Titled Tuesday Blitz May 23 Late 2023"]
[White "Remolar Gallen, Jose"]
[Black "Alahakoon, Isuru"]
[WhiteFideId "2215187"]
[BlackFideId "9900993"]
[WhiteElo "2223"]
[BlackElo "1953"]
[Result "0-1"]
[Round "09"]
[TimeControl "180+2"]
[Date "2023.05.23"]
[WhiteClock "0:00:00"]
[BlackClock "0:00:01"]

1. e4 d5 2. exd5 Qxd5 3. Nc3 Qa5 4. d4 Nf6 5. Bc4 Bg4 6. f3 Bh5 7. Ne2 Nc6 8. Be3 O-O-O 9. Qd2 e5 10. d5 Bb4 11. a3 Nxd5 12. Bxd5 Rxd5 13. Qxd5 Qxd5 14. axb4 Qc4 15. O-O Qxb4 16. b3 Rd8 17. Ra4 Qe7 18. Bf2 Bg6 19. Rc1 Qg5 20. h4 Qe7 21. Rc4 Nd4 22. Nxd4 exd4 23. Nb5 c6 24. Nxa7+ Kb8 25. Ra1 Qe5 26. g4 d3 27. c3 d2 28. Rd1 Qe2 29. Bg3+ Kxa7 30. Ra1+ Kb6 31. Rb4+ Kc5 32. Bf2+ Qxf2+ 33. Kxf2 d1=Q 34. Rxd1 Rxd1 35. Rxb7 Rd2+ 36. Kg3 Rd3 37. h5 Be4 38. b4+ Kd6 39. Rxf7 Rxc3 40. Kh4 Rxf3 41. Rxg7 Rb3 42. g5 Rxb4 43. Kg3 c5 44. Rf7 Ke6 45. Rf6+ Ke7 46. Ra6 c4 47. Kf4 c3 48. Ke5 c2 49. Ra7+ Kd8 50. Ra8+ Bxa8 0-1


[Site "https://www.chess.com"]

[Event "Titled Tuesday Blitz May 23 Late 2023"]
[White "Moral Garcia, Serafin"]
[Black "Rose, Felix"]
[WhiteFideId "2201925"]
[BlackFideId "5105722"]
[WhiteElo "2274"]
[BlackElo "2039"]
[Result "1-0"]
[Round "09"]
[TimeControl "180+2"]
[Date "2023.05.23"]
[WhiteClock "0:01:23"]
[BlackClock "0:00:00"]

1. e4 c5 2. Nf3 g6 3. d4 cxd4 4. Qxd4 Nf6 5. e5 Nc6 6. Qa4 Nd5 7. Qe4 Nc7 8. Nc3 Bg7 9. Bf4 O-O 10. Bc4 Ne6 11. Bxe6 dxe6 12. h4 h5 13. Rh3 a5 14. Rg3 Nb4 15. a3 Nd5 16. Bd2 Nxc3 17. Bxc3 Qd5 18. Qe3 Rd8 19. Kf1 Bd7 20. Kg1 Bc6 21. Re1 b5 22. Ng5 Qc4 23. b3 Qxh4 24. Qc5 Bd5 25. Qxe7 Rf8 26. Rd1 1-0


[Site "https://www.chess.com"]

[Event "Titled Tuesday Blitz May 23 Late 2023"]
[White "Kim, Sergey"]
[Black "Zampronha, Wladimir Camilo"]
[WhiteFideId "13700570"]
[BlackFideId "2103087"]
[WhiteElo "2470"]
[BlackElo "2176"]
[Result "1-0"]
[Round "09"]
[TimeControl "180+2"]
[Date "2023.05.23"]
[WhiteClock "0:01:18"]
[BlackClock "0:00:11"]

1. d4 Nf6 2. c4 e6 3. Nc3 Bb4 4. Qc2 d5 5. a3 Bxc3+ 6. Qxc3 Ne4 7. Qc2 O-O 8. Nf3 Nd7 9. g3 c5 10. dxc5 Ndxc5 11. b4 Nd7 12. Bg2 Ndf6 13. O-O dxc4 14. Qxc4 Qd5 15. Nd2 Qxc4 16. Nxc4 Bd7 17. Ne5 Nc3 18. Re1 Ncd5 19. Nxd7 Nxd7 20. Bxd5 exd5 21. Be3 Nb6 22. Red1 Rfd8 23. a4 Nc4 24. Bd4 a6 25. a5 f6 26. Rac1 Rac8 27. Kg2 Kf7 28. h4 Ke6 29. Rc3 Nd6 30. Bc5 Ne4 31. Re3 Kf7 32. Bb6 Rd6 33. Rxe4 Rxb6 34. Rxd5 Rd6 35. Rxd6 1-0


[Site "https://www.chess.com"]

[Event "Titled Tuesday Blitz May 23 Late 2023"]
[White "Kostiukov, Alexandr"]
[Black "Kaplan, Avi Harrison"]
[WhiteFideId "14108100"]
[BlackFideId "30934559"]
[WhiteElo "2202"]
[BlackElo "1983"]
[Result "0-1"]
[Round "09"]
[TimeControl "180+2"]
[Date "2023.05.23"]
[WhiteClock "0:00:03"]
[BlackClock "0:02:04"]

1. g3 h5 2. Nf3 a5 3. e4 e6 4. d4 c5 5. d5 exd5 6. exd5 Nf6 7. d6 Qb6 8. Qe2+ Kd8 9. Ng5 Bxd6 10. Nxf7+ Kc7 11. Nxh8 Nc6 12. Nf7 Nd4 13. Qd1 Qc6 14. f3 Nxf3+ 15. Ke2 Nd4+ 16. Kf2 Ng4+ 17. Ke1 Qe4+ 18. Be2 Qxh1+ 19. Kd2 Qe4 20. Nxd6 Qe3+ 21. Ke1 Nf3+ 22. Kf1 Qf2# 0-1


[Site "https://www.chess.com"]

[Event "Titled Tuesday Blitz May 23 Late 2023"]
[White "Srdanovic, Jovana"]
[Black "rikchessmx"]
[WhiteFideId "954810"]
[WhiteElo "2169"]
[BlackElo "2296"]
[Result "0-1"]
[Round "09"]
[TimeControl "180+2"]
[Date "2023.05.23"]
[WhiteClock "0:00:04"]
[BlackClock "0:00:18"]

1. d4 Nf6 2. c4 e6 3. g4 Nxg4 4. e4 Qh4 5. Nh3 d5 6. Bg5 Qh5 7. Rg1 Nf6 8. Qa4+ c6 9. Bxf6 gxf6 10. Nd2 Nd7 11. cxd5 exd5 12. exd5 Nb6 13. Qb3 Qxd5 14. Qe3+ Qe6 15. O-O-O Qxe3 16. fxe3 Bd6 17. Ne4 Be7 18. Nf4 f5 19. Ng3 Be6 20. Bh3 Bd6 21. Nxf5 Bxf4 22. exf4 O-O-O 23. Ne7+ Kb8 24. Bxe6 fxe6 25. Rg7 Rd7 26. f5 exf5 27. Nxf5 Rxg7 28. Nxg7 Rd8 29. Ne6 Rd6 30. Nc5 Rh6 31. Rd2 Nd5 32. Rg2 Kc7 33. Rg8 b6 34. Rg7+ Kd6 35. Ne4+ Ke6 36. Rxa7 Rxh2 37. Ra8 Kf5 38. Nd6+ Kf4 39. Nc4 Ke4 40. Re8+ Kxd4 41. Nd6 Kd3 42. Nf5 Rh1+ 43. Re1 Rxe1# 0-1


[Site "https://www.chess.com"]

[Event "Titled Tuesday Blitz May 23 Late 2023"]
[White "merinasian"]
[Black "KVAIDAN"]
[WhiteElo "2439"]
[BlackElo "2292"]
[Result "1-0"]
[Round "09"]
[TimeControl "180+2"]
[Date "2023.05.23"]
[WhiteClock "0:00:19"]
[BlackClock "0:00:55"]

1. d4 e6 2. Nf3 f5 3. g3 Nf6 4. Bg2 Be7 5. O-O O-O 6. c4 d6 7. Nc3 a5 8. Nd2 e5 9. d5 Qe8 10. f4 e4 11. e3 Ng4 12. Nb3 Bf6 13. h3 Bxc3 14. bxc3 Nf6 15. c5 Qg6 16. Kh2 Nh5 17. Qe1 a4 18. Nd2 dxc5 19. Nc4 Nd7 20. Nd2 b5 21. c4 bxc4 22. Nxc4 Ba6 23. Ne5 Nxe5 24. fxe5 Bxf1 25. Bxf1 Rae8 26. Bb2 a3 27. Bc3 Rd8 28. Rd1 Kh8 29. Be2 c6 30. d6 Qf7 31. Bxh5 Qxh5 32. e6 Ra8 33. e7 Rg8 34. d7 Qg5 35. d8=Q Raxd8 36. exd8=Q Rxd8 37. Rxd8+ Qxd8 38. Qd2 Qg8 39. Be5 Qd5 40. Qxd5 cxd5 41. Bd6 d4 42. Bxc5 d3 43. Bb4 Kg8 44. Kg1 Kf7 45. Kf2 Ke6 46. Ke1 Kd5 47. Bxa3 Kc4 48. Bb2 g5 49. Kd2 h5 50. Bf6 h4 51. gxh4 f4 52. hxg5 f3 53. Ke1 Kd5 54. Bc3 Kc4 55. Bd2 Kd5 56. h4 Ke5 57. a4 Kf5 58. a5 Kg4 59. a6 Kg3 60. Kf1 Kxh4 61. a7 1-0


[Site "https://www.chess.com"]

[Event "Titled Tuesday Blitz May 23 Late 2023"]
[White "Wang, Alexander J"]
[Black "Pires, Marcos Vinicius Torsani"]
[WhiteFideId "30955270"]
[BlackFideId "2118939"]
[WhiteElo "2280"]
[BlackElo "2273"]
[Result "0-1"]
[Round "09"]
[TimeControl "180+2"]
[Date "2023.05.23"]
[WhiteClock "0:01:07"]
[BlackClock "0:00:30"]

1. e4 c5 2. Nf3 g6 3. d4 cxd4 4. Nxd4 Nc6 5. Nc3 Bg7 6. Be3 Nf6 7. Bc4 O-O 8. Bb3 d6 9. f3 a5 10. a4 Nb4 11. Qd2 d5 12. e5 Nd7 13. f4 Nb6 14. O-O-O Nc4 15. Bxc4 dxc4 16. Ndb5 Bg4 17. Qxd8 Raxd8 18. Rxd8 Rxd8 19. h3 Bf5 20. Rd1 Rxd1+ 21. Nxd1 Nxc2 22. g4 Nxe3 23. Nxe3 Be6 24. Nd4 Bd7 25. Nb5 g5 26. f5 Bxe5 27. Nxc4 Bf4+ 28. Kb1 Bc6 29. Nd4 Bg2 0-1


[Site "https://www.chess.com"]

[Event "Titled Tuesday Blitz May 23 Late 2023"]
[White "Prydun, Andriy"]
[Black "Cardozo Munar, Carlos Eduardo"]
[WhiteFideId "14145898"]
[BlackFideId "4409477"]
[WhiteElo "2164"]
[BlackElo "2067"]
[Result "1-0"]
[Round "09"]
[TimeControl "180+2"]
[Date "2023.05.23"]
[WhiteClock "0:00:11"]
[BlackClock "0:00:00"]

1. d4 d5 2. Nd2 Nf6 3. Nb3 Bf5 4. Be3 e6 5. Nf3 Nbd7 6. g3 h6 7. Bg2 c5 8. dxc5 Rc8 9. Nfd4 Bh7 10. Nb5 a6 11. Nd6+ Bxd6 12. cxd6 Bxc2 13. Qd4 Bxb3 14. axb3 O-O 15. O-O Re8 16. Qb4 e5 17. Qxb7 Rb8 18. Qxa6 Rxb3 19. Qa2 Qb8 20. Ba7 Qb7 21. Rfc1 Rxb2 22. Qa6 Qxa6 23. Rxa6 Rxe2 24. Bf1 Rb2 25. Rc7 Re6 26. Bh3 d4 27. Bxe6 fxe6 28. Ra3 g5 29. h3 Kg7 30. Bc5 Kg6 31. Rd3 Rc2 32. Bb4 Rb2 33. Ba3 Ra2 34. f3 Kf5 35. Bc1 h5 36. g4+ hxg4 37. hxg4+ Kg6 38. Rb7 Ra1 39. Rd1 Nc5 40. Rc7 Nfd7 41. Kg2 Kf6 42. Kg3 e4 43. Bxg5+ Kxg5 44. Rxa1 e3 45. f4+ Kf6 46. Kf3 e5 47. fxe5+ Kxe5 48. Ra5 Kxd6 49. Rc8 Ne5+ 50. Ke2 Ncd7 51. g5 Ke6 52. Re8+ Kf5 53. g6 Kf6 54. Rexe5 1-0


[Site "https://www.chess.com"]

[Event "Titled Tuesday Blitz May 23 Late 2023"]
[White "Mikhalsky, Vladimir"]
[Black "Clawitter, Craig"]
[WhiteFideId "14144352"]
[BlackFideId "2023105"]
[WhiteElo "2236"]
[BlackElo "2237"]
[Result "0-1"]
[Round "09"]
[TimeControl "180+2"]
[Date "2023.05.23"]
[WhiteClock "0:00:11"]
[BlackClock "0:00:12"]

1. d4 e6 2. c4 Nf6 3. f3 c5 4. d5 exd5 5. cxd5 d6 6. e4 g6 7. b3 Bg7 8. Bb2 O-O 9. Ne2 b5 10. Nd2 Re8 11. Qc2 Nbd7 12. Nc3 a6 13. a4 b4 14. Nd1 Nxd5 15. Bxg7 Kxg7 16. Nc4 Qh4+ 17. g3 Qf6 18. Qb2 Nc3 19. Kf2 Nxd1+ 20. Rxd1 Ne5 21. Nxe5 Rxe5 22. Bc4 Bb7 23. f4 Bxe4 24. Rhe1 Rae8 25. Kg1 R5e6 26. Qxf6+ Rxf6 27. Bd5 Bxd5 28. Rxe8 Bxb3 29. Rde1 Bxa4 30. Ra8 Bb5 31. Rd8 c4 32. Rd1 c3 33. Rc8 Re6 34. Kf2 Re2+ 35. Kf3 c2 36. Rxd6 b3 37. Rb6 b2 38. Rxb5 axb5 39. Kxe2 c1=Q 40. Rd8 Qc2+ 41. Rd2 b1=Q 42. Ke3 Qxd2+ 43. Kxd2 b4 44. Ke3 b3 45. Kd4 Qc2 46. Ke5 b2 47. Kd6 b1=Q 48. Ke7 Qb7+ 49. Ke8 Qcc8# 0-1


[Site "https://www.chess.com"]

[Event "Titled Tuesday Blitz May 23 Late 2023"]
[White "Vaglio Munoz, Jaime"]
[Black "Almedina Ortiz, Edgardo J."]
[WhiteFideId "6500145"]
[BlackFideId "3100197"]
[WhiteElo "2199"]
[BlackElo "2217"]
[Result "0-1"]
[Round "09"]
[TimeControl "180+2"]
[Date "2023.05.23"]
[WhiteClock "0:01:21"]
[BlackClock "0:00:17"]

1. e4 c5 2. Nf3 Nc6 3. d4 cxd4 4. Nxd4 g6 5. c4 Bg7 6. Nc2 Nf6 7. Nc3 O-O 8. Be3 d6 9. Be2 Be6 10. O-O Rc8 11. Rc1 a6 12. b3 Qa5 13. Nd5 Nxe4 14. b4 Qxa2 15. Nd4 Bxd5 16. Rc2 Qa4 17. cxd5 Nxd4 18. Rxc8 Nxe2+ 19. Qxe2 Rxc8 20. Qg4 Rc4 21. Qe2 Qc2 22. Qg4 Nd2 23. Qd7 Bf8 24. Qe8 Rc8 25. Qd7 Nxf1 26. Kxf1 Qd1# 0-1


[Site "https://www.chess.com"]

[Event "Titled Tuesday Blitz May 23 Late 2023"]
[White "Bogaudinov, Rushan"]
[Black "Chlpik, Martin"]
[WhiteFideId "4129288"]
[BlackFideId "14923351"]
[WhiteElo "1941"]
[BlackElo "2109"]
[Result "1-0"]
[Round "09"]
[TimeControl "180+2"]
[Date "2023.05.23"]
[WhiteClock "0:00:19"]
[BlackClock "0:00:12"]

1. b3 a5 2. Bb2 a4 3. bxa4 Rxa4 4. e3 Ra8 5. d4 Nc6 6. c4 Nf6 7. d5 Na5 8. Nc3 c6 9. e4 d6 10. Nf3 Qb6 11. Qc2 Qc5 12. Bd3 Nxc4 13. O-O Nxb2 14. Qxb2 Qa3 15. Qd2 g6 16. dxc6 bxc6 17. e5 dxe5 18. Nxe5 Bg7 19. Nxc6 Bb7 20. Nb5 Qa4 21. Nc7+ Kf8 22. Bb5 Ne4 23. Qd7 Qa3 24. Nxa8 Bxa1 25. Qxb7 Qc5 26. Nb6 Bc3 27. Nd7+ 1-0


[Site "https://www.chess.com"]

[Event "Titled Tuesday Blitz May 23 Late 2023"]
[White "Prieto Aranguren, Alain"]
[Black "Sailer, Mike"]
[WhiteFideId "2268906"]
[BlackFideId "2012901"]
[WhiteElo "2209"]
[BlackElo "2109"]
[Result "0-1"]
[Round "09"]
[TimeControl "180+2"]
[Date "2023.05.23"]
[WhiteClock "0:00:25"]
[BlackClock "0:00:10"]

1. e4 d5 2. e5 c5 3. c3 Nc6 4. Nf3 Bg4 5. Bb5 e6 6. Qa4 Bxf3 7. Bxc6+ bxc6 8. Qxc6+ Ke7 9. Qxc5+ Ke8 10. Qc6+ Ke7 11. gxf3 Rc8 12. Qa6 Qc7 13. d4 f6 14. f4 Nh6 15. Na3 Kf7 16. Nb5 Qc4 17. Nd6+ Bxd6 18. Qxc4 Rxc4 19. exd6 Nf5 20. Be3 Nxd6 21. O-O h6 22. Rfc1 g5 23. a4 gxf4 24. Bxf4 Rg8+ 25. Kf1 Nf5 26. b3 Rc6 27. c4 Nxd4 28. cxd5 Rxc1+ 29. Rxc1 exd5 30. Rc7+ Ke6 31. Rxa7 Nxb3 32. a5 Rg4 33. Be3 Ra4 34. Bb6 Nd2+ 35. Ke2 Nc4 36. Rh7 Nxa5 37. Ra7 Ra2+ 38. Kf1 Ra1+ 39. Kg2 Nb3 40. Rh7 Ra6 41. Be3 d4 42. Bxh6 d3 43. Rh8 d2 44. Re8+ Kd7 45. Bxd2 Kxe8 46. Bc3 Kf7 47. h4 Kg6 48. Kg3 Nc1 49. Kg4 Ne2 50. h5+ Kh7 51. Kf5 Nxc3 0-1


[Site "https://www.chess.com"]

[Event "Titled Tuesday Blitz May 23 Late 2023"]
[White "Djordjevic, Dejan N"]
[Black "Estrada Nieto, Julian"]
[WhiteFideId "913316"]
[BlackFideId "5101018"]
[WhiteElo "2261"]
[BlackElo "2161"]
[Result "1-0"]
[Round "09"]
[TimeControl "180+2"]
[Date "2023.05.23"]
[WhiteClock "0:02:34"]
[BlackClock "0:00:00"]

1. e4 e5 2. Nf3 Nc6 3. Bc4 Bc5 4. c3 Nf6 5. d3 d6 6. O-O a6 7. Bb3 Ba7 8. Re1 O-O 9. Nbd2 Ng4 10. Re2 Kh8 11. h3 Nh6 12. Nf1 f5 13. Bxh6 gxh6 14. exf5 Bxf5 15. N1h2 1-0


[Site "https://www.chess.com"]

[Event "Titled Tuesday Blitz May 23 Late 2023"]
[White "Petrovic, Aleksa"]
[Black "Parizek, Vojtech"]
[WhiteFideId "967629"]
[BlackFideId "360996"]
[WhiteElo "2309"]
[BlackElo "2115"]
[Result "0-1"]
[Round "09"]
[TimeControl "180+2"]
[Date "2023.05.23"]
[WhiteClock "0:01:01"]
[BlackClock "0:00:53"]

1. e4 c5 2. Nf3 d6 3. d4 cxd4 4. Nxd4 Nf6 5. Nc3 a6 6. h3 e6 7. g4 d5 8. exd5 Nxd5 9. Bg2 Bb4 10. Bd2 Bxc3 11. bxc3 O-O 12. O-O b5 13. a4 Bb7 14. axb5 axb5 15. Rxa8 Bxa8 16. Nxb5 Qd7 17. c4 Rd8 18. cxd5 Qxb5 19. dxe6 Bxg2 20. exf7+ Kxf7 21. Kxg2 Qd5+ 22. Qf3+ Qxf3+ 23. Kxf3 Rxd2 24. Rb1 Nc6 25. Rb7+ Kf6 26. Kg3 Rxc2 27. f4 Rc3+ 28. Kh4 h6 29. g5+ hxg5+ 30. fxg5+ Kg6 31. Rb6 Rc4+ 32. Kg3 Kxg5 33. h4+ Kf5 34. Rb5+ Ne5 35. Rb7 Rc3+ 36. Kg2 g6 37. Rb4 Re3 38. Kh2 Re4 39. Rb3 Rxh4+ 40. Kg3 Rg4+ 41. Kh3 g5 42. Rf3+ Rf4 43. Rg3 Rf3 0-1


[Site "https://www.chess.com"]

[Event "Titled Tuesday Blitz May 23 Late 2023"]
[White "Hajiyev, Kanan"]
[Black "ritanovikova"]
[WhiteFideId "13404148"]
[WhiteElo "2103"]
[BlackElo "2171"]
[Result "1-0"]
[Round "09"]
[TimeControl "180+2"]
[Date "2023.05.23"]
[WhiteClock "0:00:28"]
[BlackClock "0:00:00"]

1. d4 e5 2. Nf3 exd4 3. c4 c5 4. Nxd4 cxd4 5. g3 Nc6 6. Bg2 Bb4+ 7. Nd2 Nf6 8. O-O O-O 9. Nb3 d5 10. c5 Be6 11. Bg5 h6 12. Bf4 Ba5 13. Bd6 Re8 14. Nxa5 Qxa5 15. a3 Qb5 16. b4 a5 17. bxa5 Qxa5 18. h3 Ne4 19. Bf4 Nc3 20. Qd3 Qa6 21. Rfe1 Qxd3 22. exd3 Bf5 23. Bf1 Re6 24. g4 Bg6 25. Rxe6 fxe6 26. Re1 Bf7 27. Bc1 Ra5 28. f4 Rxc5 29. Bg2 Rb5 30. Kf2 Rb1 31. f5 exf5 32. gxf5 Na5 33. h4 Nb3 34. Bd2 Nxd2 35. Re7 Rb2 36. Kg3 Nb3 37. Rxb7 Nd1 38. Bf3 Nd2 39. Ra7 Nxf3 40. Kxf3 Rb3 41. Ke2 Nc3+ 42. Kd2 Rb2+ 43. Kc1 Ra2 44. Ra8+ Kh7 45. Rf8 Bh5 46. f6 gxf6 47. Rxf6 Kg7 48. Ra6 Nb5 49. Ra5 Nc3 50. a4 Bg6 51. Ra7+ Bf7 52. a5 Nb5 53. Ra8 Nc7 54. Ra7 Nb5 55. Ra8 Nc3 56. h5 Ra1+ 57. Kb2 Rb1+ 58. Ka3 Ra1+ 59. Kb4 Rb1+ 60. Kc5 Rd1 61. Kxd4 Ne2+ 62. Ke3 Nc3 63. a6 Ra1 64. Kd4 Nb5+ 65. Kc5 Nc3 66. d4 Ne4+ 67. Kb6 Bxh5 68. a7 1-0


[Site "https://www.chess.com"]

[Event "Titled Tuesday Blitz May 23 Late 2023"]
[White "Cagara, Paulina"]
[Black "Schuster, Karsten"]
[WhiteFideId "1124870"]
[BlackFideId "4611071"]
[WhiteElo "1967"]
[BlackElo "2254"]
[Result "0-1"]
[Round "09"]
[TimeControl "180+2"]
[Date "2023.05.23"]
[WhiteClock "0:00:00"]
[BlackClock "0:00:28"]

1. e4 d5 2. exd5 Qxd5 3. Nc3 Qd6 4. Nf3 Bg4 5. h3 Bxf3 6. Qxf3 c6 7. Bc4 Nf6 8. O-O Nbd7 9. d3 Ne5 10. Qf4 Nxc4 11. Qxc4 e6 12. Bf4 Qd7 13. Ne4 Be7 14. Be5 Qd5 15. Qc3 Nxe4 16. dxe4 Qxe4 17. Rfe1 Qg6 18. Re3 f6 19. Rg3 Qf7 20. Bd4 e5 21. Bc5 O-O 22. Re1 Bxc5 23. Qxc5 Rfd8 24. Ree3 Rd5 25. Qb4 Rad8 26. Kh2 b6 27. Qa4 c5 28. Re4 Rd4 29. Rxd4 exd4 30. Qc6 Qd7 31. Qe4 Re8 32. Qf4 Qe7 33. Qg4 g6 34. a4 Kg7 35. h4 Qe5 36. b3 Re7 37. f4 Qe2 38. Qc8 f5 39. Qxf5 Rf7 40. Qg5 Qf2 41. Qe5+ Kg8 42. Qe8+ Rf8 43. Qe6+ Kg7 44. h5 Qxf4 45. hxg6 Qh6+ 46. Kg1 hxg6 47. Qe7+ Rf7 48. Qe5+ Kh7 49. Rh3 Qxh3 50. gxh3 Kg8 51. Kg2 Kf8 52. Kg3 Kg8 53. Qe6 Kg7 54. Kg4 Rf1 55. Qe7+ Rf7 56. Qe5+ Kh7 57. h4 Rf2 58. Qe7+ Kh6 59. Qg5+ Kh7 60. Kg3 Rxc2 61. h5 Rc3+ 62. Kf4 gxh5 63. Qxh5+ Kg7 64. Qe5+ Kf7 65. Qc7+ Ke6 66. Qc6+ Ke7 67. Ke5 Re3+ 68. Kd5 Rxb3 69. Qc7+ Kf6 70. Qxa7 Rb4 71. Kc6 d3 72. Qd7 Rd4 73. Qe8 d2 74. Qf8+ Kg5 75. Qg7+ Kf4 76. Qh6+ Kf3 77. Qh3+ Ke2 78. Qg2+ Kd1 79. Qf3+ Kc2 80. Qf5+ Rd3 0-1


[Site "https://www.chess.com"]

[Event "Titled Tuesday Blitz May 23 Late 2023"]
[White "Harish, Neeraj"]
[Black "Howell, David W L"]
[WhiteFideId "30958130"]
[BlackFideId "410608"]
[WhiteElo "1879"]
[BlackElo "2567"]
[Result "0-1"]
[Round "09"]
[TimeControl "180+2"]
[Date "2023.05.23"]
[WhiteClock "0:00:01"]
[BlackClock "0:00:06"]

1. e4 c5 2. Nf3 d6 3. d4 cxd4 4. Nxd4 Nf6 5. Nc3 a6 6. Be3 Ng4 7. Bg5 h6 8. Bh4 g5 9. Bg3 Bg7 10. h3 Ne5 11. Qd2 Nbc6 12. O-O-O Nxd4 13. Qxd4 Be6 14. Kb1 Rc8 15. Nd5 O-O 16. Qd2 Bxd5 17. exd5 Qb6 18. c3 Ng6 19. Rc1 Rc5 20. f4 Nxf4 21. Bf2 Rfc8 22. Bxc5 Rxc5 23. c4 Ng6 24. Be2 a5 25. g3 a4 26. h4 a3 27. b3 Bf6 28. Bd3 Ne5 29. Qe2 Rc7 30. Qe4 Ng6 31. h5 Nf8 32. Rhf1 Qd4 33. Qxd4 Bxd4 34. Rf5 Be5 35. g4 Nd7 36. Rf3 Kg7 37. Rcf1 Nf6 38. Bf5 b6 39. Rc1 Ra7 40. Rc2 Ra8 41. Re2 Re8 42. Be4 Nxg4 43. Bf5 Nf6 44. Rc2 Rb8 45. b4 Nxh5 46. Rxa3 Nf6 47. Rh3 h5 48. Ra3 g4 49. Ra7 Re8 50. c5 bxc5 51. bxc5 Bd4 52. cxd6 Bxa7 53. Rc7 exd6 0-1


[Site "https://www.chess.com"]

[Event "Titled Tuesday Blitz May 23 Late 2023"]
[White "Jimenez Martinez, Jose Vicente"]
[Black "Hartikainen, Jarmo"]
[WhiteFideId "2264021"]
[BlackFideId "503134"]
[WhiteElo "2231"]
[BlackElo "2091"]
[Result "1-0"]
[Round "09"]
[TimeControl "180+2"]
[Date "2023.05.23"]
[WhiteClock "0:00:32"]
[BlackClock "0:00:00"]

1. d4 Nf6 2. c4 e6 3. Nc3 Bb4 4. Qc2 c5 5. dxc5 Bxc5 6. e3 Nc6 7. Nf3 d5 8. cxd5 Nxd5 9. Nxd5 Qxd5 10. a3 Bb6 11. Bd3 h6 12. O-O O-O 13. Rd1 Qh5 14. b4 a6 15. Bb2 Rd8 16. Be2 Qf5 17. Rxd8+ Bxd8 18. Bd3 Qh5 19. Rd1 Be7 20. Bh7+ Kh8 21. Be4 Rb8 22. h3 f5 23. Bd3 Qf7 24. Ne5 Nxe5 25. Bxe5 Ra8 26. Qc7 Kg8 27. Bc4 Bf6 28. Qd6 Bxe5 29. Qxe5 b5 30. Bb3 Kh7 31. Rd6 Ra7 32. Bxe6 Bxe6 33. Qxe6 Qxe6 34. Rxe6 a5 35. Rb6 axb4 36. axb4 Ra1+ 37. Kh2 Ra2 38. Kg3 g5 39. Rxb5 f4+ 40. exf4 gxf4+ 41. Kf3 Ra3+ 42. Kxf4 1-0


[Site "https://www.chess.com"]

[Event "Titled Tuesday Blitz May 23 Late 2023"]
[White "Martinez, Ayelen"]
[Black "Roman, Rodrigo"]
[WhiteFideId "118702"]
[BlackFideId "3701220"]
[WhiteElo "2125"]
[BlackElo "1995"]
[Result "1-0"]
[Round "09"]
[TimeControl "180+2"]
[Date "2023.05.23"]
[WhiteClock "0:00:08"]
[BlackClock "0:00:02"]

1. e4 a6 2. d4 Ra7 3. Nc3 b6 4. Nf3 g6 5. Bc4 Bg7 6. O-O e6 7. Bg5 f6 8. Bh4 Ne7 9. d5 e5 10. d6 cxd6 11. Qxd6 Qc7 12. Qd3 b5 13. Bb3 d6 14. Rad1 g5 15. Bxg5 fxg5 16. Nxg5 Rf8 17. Nxh7 Nbc6 18. Qg3 Bh6 19. Nxf8 Bxf8 20. Qh4 Nd4 21. Qh5+ Kd8 22. Qh8 Ke8 23. Qh5+ Kd8 24. Qf7 Bh6 25. Qh7 Bf8 26. Bf7 Bg4 27. f3 Qc5 28. Kh1 Be6 29. Bxe6 Nxe6 30. Qf7 Kd7 31. Nd5 Qc6 32. Nf6+ Kd8 33. Qxe6 Rc7 34. Rxd6+ Qxd6 35. Qxd6+ Kc8 36. Ne8 Rc6 37. Qd3 Re6 38. Nd6+ Kd7 39. Nf5+ Ke8 40. Nxe7 Bxe7 41. Qd5 Kf7 42. f4 Kf6 43. fxe5+ Kg7 44. Qxe6 1-0


[Site "https://www.chess.com"]

[Event "Titled Tuesday Blitz May 23 Late 2023"]
[White "Thiel, Thomas"]
[Black "Slavin, Alexey"]
[WhiteFideId "4615964"]
[BlackFideId "24104388"]
[WhiteElo "2226"]
[BlackElo "2264"]
[Result "0-1"]
[Round "09"]
[TimeControl "180+2"]
[Date "2023.05.23"]
[WhiteClock "0:00:00"]
[BlackClock "0:00:58"]

1. e4 Nc6 2. Nf3 d6 3. d4 Nf6 4. Nc3 Bg4 5. Be2 e5 6. dxe5 dxe5 7. Qxd8+ Rxd8 8. Bb5 Bd6 9. Bg5 h6 10. Bxf6 gxf6 11. Nd5 Be7 12. O-O-O Rd7 13. Ne3 Be6 14. Nd5 Bd8 15. Nh4 a6 16. Bxc6 bxc6 17. Ne3 Rd4 18. f3 Rg8 19. g3 Be7 20. Nhf5 Rxd1+ 21. Rxd1 h5 22. Nxe7 Kxe7 23. Nf5+ Bxf5 24. exf5 h4 25. g4 Rb8 26. b3 Rb4 27. Kd2 a5 28. Ke3 a4 29. Kf2 axb3 30. axb3 c5 31. Rd5 c4 32. Rc5 cxb3 33. cxb3 Kd6 0-1


[Site "https://www.chess.com"]

[Event "Titled Tuesday Blitz May 23 Late 2023"]
[White "Kovacevic, Radmila"]
[Black "Rodriguez Santiago, Jaime"]
[WhiteFideId "933171"]
[BlackFideId "3100898"]
[WhiteElo "2194"]
[BlackElo "2025"]
[Result "1-0"]
[Round "09"]
[TimeControl "180+2"]
[Date "2023.05.23"]
[WhiteClock "0:00:11"]
[BlackClock "0:00:02"]

1. e4 c6 2. c4 d5 3. cxd5 cxd5 4. exd5 Nf6 5. Nc3 Nbd7 6. d4 Nb6 7. Bb5+ Bd7 8. Qb3 g6 9. Bg5 Bg7 10. Bxf6 Bxf6 11. Nf3 O-O 12. Bxd7 Qxd7 13. O-O Rfd8 14. Ne5 Bxe5 15. dxe5 Nxd5 16. Rad1 e6 17. Ne4 Qe7 18. Rxd5 exd5 19. Nf6+ Kg7 20. Qh3 h6 21. f4 Rac8 22. Qd3 Rc6 23. h4 Rxf6 24. exf6+ Qxf6 25. f5 g5 26. hxg5 hxg5 27. Rf2 d4 28. g4 Re8 29. Rd2 Rd8 30. Qe4 Rd7 31. Rd3 Qd6 32. a3 b6 33. b4 Qf6 34. Kf2 Qd6 35. Kg2 a5 36. b5 Qc5 37. a4 Qc2+ 38. Kf3 Qxa4 39. f6+ Kxf6 40. Qf5+ Ke7 41. Qxg5+ f6 42. Qg7+ Ke6 43. Qg8+ Kd6 44. Qb8+ Ke7 45. Qxb6 Qb4 46. Qc6 a4 47. b6 a3 48. Qe4+ Kf7 49. Qh7+ Ke6 50. Qf5+ Ke7 51. g5 Qxb6 52. Rxa3 Qc6+ 53. Kg4 Qg2+ 54. Kh5 Qh2+ 55. Kg6 fxg5 56. Qf6+ Ke8 57. Ra8+ 1-0


[Site "https://www.chess.com"]

[Event "Titled Tuesday Blitz May 23 Late 2023"]
[White "Brown, Raehanna"]
[Black "Luxama, Jacques Muller"]
[WhiteFideId "7402740"]
[BlackFideId "11900113"]
[WhiteElo "1655"]
[BlackElo "1931"]
[Result "1-0"]
[Round "09"]
[TimeControl "180+2"]
[Date "2023.05.23"]
[WhiteClock "0:02:17"]
[BlackClock "0:00:52"]

1. c4 Nf6 2. Nc3 e6 3. e4 d5 4. e5 d4 5. exf6 dxc3 6. bxc3 Qxf6 7. d4 Be7 8. Nf3 h6 9. Bd3 O-O 10. O-O c5 11. Qe2 Rd8 12. Rb1 Nc6 13. Bb2 b6 14. Qe4 Bb7 15. Qh7+ Kf8 16. Qh8# 1-0


[Site "https://www.chess.com"]